 Dungeon Crawl Stone Soup version 0.16.0-8-gd9ae3a8 (webtiles) character file.

426 RobertPalmer the Stinger (level 6, -1/36 HPs)
             Began as an Octopode Venom Mage on Mar 16, 2015.
             Was an Initiate of Nemelex Xobeh.
             Killed from afar by an orc wizard (3 damage)
             ... with a puff of flame
             ... on level 4 of the Dungeon.
             The game lasted 00:11:08 (4712 turns).

RobertPalmer the Stinger (Octopode Venom Mage)      Turns: 4712, Time: 00:11:08

Health: -1/36      AC:  2    Str:  7      XL:     6   Next: 97%
Magic:  7/10       EV: 12    Int: 18      God:    Nemelex Xobeh [......]
Gold:   179        SH:  4    Dex: 11 (14) Spells: 2 memorised, 3 levels left

rFire  . . .     SeeInvis .     x - +2 short sword (elec)
rCold  . . .     Clarity  .     z - +0 buckler
rNeg   . . .     SustAb   .     u - +1 hat
rPois  .         Gourm    .     (no amulet)
rElec  .         Spirit   .     k - ring of stealth {Stlth+}
rCorr  .         Warding  .     (no ring)
rMut   .         Stasis   .     (no ring)
MR     .....                    (no ring)
Stlth  ++++......               (no ring)
                                (no ring)
                                (no ring)
                                (no ring)

@: not resistant to hostile enchantments, stealthy
A: almost no armour, amphibious, 8 rings, constrict 8, camouflage 1, gelatinous
body 1
a: Renounce Religion


You were on level 4 of the Dungeon.
You worshipped Nemelex Xobeh.
Nemelex Xobeh was noncommittal.
You were hungry.

You visited 1 branch of the dungeon, and saw 4 of its levels.

You collected 179 gold pieces.

Inventory:

Hand weapons
 w - a +0 blowgun
   (You took it off a kobold on level 3 of the Dungeon)
 x - a +2 short sword of electrocution (weapon)
   (You found it on level 3 of the Dungeon)
Missiles
 y - 6 poisoned needles
Armour
 u - a +1 hat (worn)
   (You found it on level 3 of the Dungeon)
 z - a +0 buckler (worn)
   (You found it on level 3 of the Dungeon)
Jewellery
 k - a ring of stealth (left tentacle) {Stlth+}
   (You took it off a hobgoblin on level 1 of the Dungeon)
 D - a cursed amulet of rage {unknown}
   (You found it on level 4 of the Dungeon)
Magical devices
 t - a wand of digging (9)
   (You found it on level 2 of the Dungeon)
 C - a wand of fire (0)
   (You found it on level 4 of the Dungeon)
Scrolls
 f - a scroll of remove curse {unknown}
 g - 3 scrolls of teleportation {unknown}
 j - a scroll of enchant armour {unknown}
 s - a scroll of magic mapping {unknown}
 v - a scroll of enchant weapon {unknown}
 A - a scroll of recharging {unknown}
 F - a scroll of fear {unknown}
Potions
 a - a potion of flight {unknown}
 e - a potion of resistance {unknown}
 h - a potion of agility {unknown}
 i - a potion of brilliance
 m - a potion of magic {unknown}
 n - a potion of haste
 o - a potion of restore abilities {unknown}
 p - a potion of poison {unknown}
 r - a potion of cure mutation {unknown}
 E - a potion of heal wounds {unknown}
Books
 b - a Young Poisoner's Handbook
Miscellaneous
 B - a plain deck of destruction {drawn: 4}
   (Nemelex Xobeh gifted it to you on level 4 of the Dungeon)
Comestibles
 c - 3 bread rations
 l - a meat ration
 q - a royal jelly
 G - a chunk of flesh


   Skills:
 - Level 3.3 Short Blades
 - Level 2.0 Dodging
 - Level 2.8 Stealth
 - Level 2.9 Shields
 - Level 2.0 Spellcasting
 - Level 4.5 Conjurations
 - Level 4.8 Poison Magic
 + Level 1.2 Evocations


You had 3 spell levels left.
You knew the following spells:

 Your Spells              Type           Power        Failure   Level  Hunger
a - Sting                 Conj/Pois      ###.         3%          1    #......
b - Venom Bolt            Conj/Pois      ###.......   85%         5    ######.


Dungeon Overview and Level Annotations

Branches:
Dungeon (4/15)             Temple (0/1) D:4

Altars:
Elyvilon
Nemelex Xobeh
Sif Muna

Annotations:
D:3 exclusion: Sigmund


Innate Abilities, Weirdness & Mutations

You cannot wear most types of armour.
You are amphibious.
You can wear up to eight rings at the same time.
You can use your tentacles to constrict many enemies at once.
Your skin changes colour to match your surroundings (Stealth).
Your rubbery body absorbs attacks (AC +1).


Message History

The orc wizard mumbles some strange words.
The orc wizard blinks!
The orc hits you from afar with a trident!
Things that are here:
a flail; an orc skeleton You barely miss the orc wizard.
Your grab misses the orc wizard.
The orc wizard is moderately wounded.
The orc hits you from afar with a trident.
The orc wizard hits you but does no damage.
You hit the orc wizard. Your grab misses the orc wizard.
The orc wizard is almost dead.
You kill the orc wizard!
Your Evocations skill increases to level 1!
The orc closely misses you.
Casting: Sting
Confirm with . or Enter, or press ? or * to list all spells.
Aiming: Sting
Press: ? - help, Shift-Dir - straight line, f - orc
Aim: an orc, wielding a trident The sting hits the orc.
The orc is poisoned.
You kill the orc!
Casting: Sting
Confirm with . or Enter, or press ? or * to list all spells.
You can't see any susceptible monsters within range! (Use Z to cast anyway.) Unknown command.
Things that are here:
a trident; an orc corpse
Casting: Sting
Confirm with . or Enter, or press ? or * to list all spells.
Aiming: Sting
Press: ? - help, Shift-Dir - straight line, f - orc
Aim: an orc, wearing a ring mail (hasn't noticed you)
The sting hits the orc.
The orc is poisoned.
The orc shouts!
The orc wizard shouts!
Casting: Sting
Confirm with . or Enter, or press ? or * to list all spells.
Aiming: Sting
Press: ? - help, Shift-Dir - straight line, f/p - orc
Aim: an orc, wearing a ring mail (heavily wounded, poisoned)
The sting hits the orc.
The orc is heavily wounded.
Things that are here:
a flail; an orc skeleton
Casting: Sting
Confirm with . or Enter, or press ? or * to list all spells.
Aiming: Sting
Press: ? - help, Shift-Dir - straight line, f - orc wizard, p - orc
Aim: an orc wizard, wielding a dagger and wearing a robe The sting hits the orc wizard.
The orc wizard is lightly wounded.
Things that are here:
a dagger; a robe The orc looks more healthy.
The orc wizard mumbles some strange words.
The orc wizard seems to speed up.
The orc wizard becomes somewhat translucent.
The orc wizard glows brightly for a moment.
The orc wizard mumbles some strange words.
The orc wizard flickers and vanishes!
Deactivating autopickup; reactivate with Ctrl-A.
You are feeling hungry.
There is an open door here.
Evoke which item? (* to show all) (? for menu, Esc to quit)
Zapping:
C - a wand of fire (will waste charges)
Press: ? - help, Shift-Dir - straight line The bolt of fire hits the orc.
You kill the orc!
Evoking this partially-identified wand wasted a few charges.
The puff of flame hits you!
As you close the door, it creaks loudly!
Something unseen opens the door.
Evoke which item? (* to show all) (? for menu, Esc to quit)
Zapping:
C - a wand of fire {zapped: 2} (will waste charges)
Press: ? - help, Shift-Dir - straight line Evoking this partially-identified wand wasted a few charges.
Something hits you. x2
Evoke which item? (* to show all) (? for menu, Esc to quit)
Zapping:
C - a wand of fire {zapped: 4} (will waste charges)
Press: ? - help, Shift-Dir - straight line Evoking this partially-identified wand wasted a few charges.
You hear some strange, mumbled words.
The puff of flame misses you.
Evoke which item? (* to show all) (? for menu, Esc to quit)
Zapping:
C - a wand of fire {zapped: 7} (will waste charges)
Press: ? - help, Shift-Dir - straight line Nothing appears to happen.
Something hits you but does no damage. Something hits you.
* * * LOW HITPOINT WARNING * * *
You closely miss something. Something hits you.
* * * LOW HITPOINT WARNING * * *
Drink which item? (? for menu, Esc to quit)
It was a potion of cancellation.
You feel magically purged. Something hits you.
* * * LOW HITPOINT WARNING * * *
You miss something. You squeeze something. Something hits you.
* * * LOW HITPOINT WARNING * * *
You hit something but do no damage.
You hear some strange, mumbled words.
The puff of flame hits you!
You die...
Your body disappears without a glow.

.......## ##.....##########
#...............#
##.....########.# ##...## #)#
. ##[## #)# . #.# #.# #. ##'##
#o## #.##### ##.@.## #..#
..... ##.....## ###.# ## ##..#
##.......## ##.#.#
..###...####.........####....#
#.8.#......'.........'.......#
........####.........####....#
8.>.8..############### ####.#
......#......... ##.#
#.8.#..#...#...# #..#


There were no monsters in sight!

Vanquished Creatures
  An ogre (D:4)
  Sigmund (D:3)
  A quasit (D:4)
  An orc wizard (D:4)
  4 gnolls (D:3)
  An adder (D:3)
  A giant mite (D:2)
  6 worms
  An ooze (D:1)
  10 orcs
  2 ball pythons (D:1)
  3 giant cockroaches
  14 goblins
  13 hobgoblins
  3 jackals (D:1)
  10 kobolds
  A quokka (D:3)
  12 bats
  2 giant geckos (D:2)
  5 giant newts
  18 rats
110 creatures vanquished.

Notes
Turn   | Place    | Note
--------------------------------------------------------------
     0 | D:1      | RobertPalmer, the Octopode Venom Mage, began the quest for the Orb.
     0 | D:1      | Reached XP level 1. HP: 11/11 MP: 3/3
   166 | D:1      | Reached skill level 1 in Conjurations
   439 | D:1      | Reached XP level 2. HP: 7/17 MP: 2/4
   506 | D:1      | HP: 4/17 [bat (1)]
   719 | D:1      | Reached skill level 2 in Conjurations
  1305 | D:1      | Reached XP level 3. HP: 16/21 MP: 1/6
  1716 | D:1      | Reached skill level 3 in Conjurations
  2177 | D:2      | Reached XP level 4. HP: 23/27 MP: 3/7
  2740 | D:2      | Reached skill level 4 in Conjurations
  3000 | D:3      | Noticed Sigmund
  3065 | D:3      | Found a white marble altar of Elyvilon.
  3154 | D:3      | Reached XP level 5. HP: 31/31 MP: 9/9
  3176 | D:3      | Learned a level 5 spell: Venom Bolt
  3266 | D:3      | Found a sparkling altar of Nemelex Xobeh.
  3272 | D:3      | Reached skill level 1 in Short Blades
  3325 | D:4      | HP: 7/31 [poisoned by a kobold]
  3335 | D:4      | HP: 6/31 [poisoned by a kobold]
  3341 | D:4      | HP: 5/31 [poisoned by a kobold]
  3347 | D:4      | HP: 4/31 [poisoned by a kobold]
  3810 | D:3      | Reached skill level 2 in Short Blades
  3825 | D:3      | Killed Sigmund
  3825 | D:3      | Reached skill level 3 in Short Blades
  3825 | D:3      | Reached XP level 6. HP: 26/36 MP: 6/10
  3995 | D:3      | Found a deep blue altar of Sif Muna.
  4116 | D:4      | Noticed a centaur
  4118 | D:4      | Noticed Grinder
  4317 | D:3      | Became a worshipper of Nemelex Xobeh the Trickster
  4371 | D:4      | Received a gift from Nemelex Xobeh
  4381 | D:4      | Paralysed by Grinder for 7 turns
  4389 | D:4      | Noticed Grinder
  4389 | D:4      | Grinder changed into Grinder the quasit
  4394 | D:4      | Killed Grinder the quasit
  4394 | D:4      | Reached skill level 1 in Shields
  4430 | D:4      | Noticed an ogre
  4453 | D:4      | Drew Focus: Int increased to 18, Str decreased to 7
  4456 | D:4      | Killed an ogre
  4456 | D:4      | Reached skill level 2 in Shields
  4639 | D:4      | Found a staircase to the Ecumenical Temple.
  4678 | D:4      | Reached skill level 1 in Evocations
  4708 | D:4      | HP: 9/36 [something (3)]
  4710 | D:4      | HP: 4/36 [something (1)]
  4712 | D:4      | Killed from afar by an orc wizard

Action                   |  1- 3 |  4- 6 || total
-------------------------+-------+-------++-------
Melee: Unarmed           |    24 |       ||    24
       Short sword       |    43 |    72 ||   115
 Cast: Sting             |    46 |    56 ||   102
Evoke: Deck              |       |     4 ||     4
       Wand              |       |     3 ||     3
  Use: Scroll            |     1 |     1 ||     2
       Potion            |       |     4 ||     4
 Stab: Sleeping          |     5 |     9 ||    14
  Eat: Chunk             |     5 |     8 ||    13

Vault maps used:
D:1:      erik_arrival_cave_to_civilisation, kennysheep_minor_cross
D:3:      lemuel_crystal_altar, overflow_temple_1_default, elyvilon_altar_5,
          first_bread, minivault_25, grunt_decor_one_mirror, uniq_sigmund
D:4:      lemuel_coloured_pillars_altar, minmay_temple_entry_statues_pillars,
          uniq_grinder

Table legend:
 A = Turns spent in this place as a percentage of turns spent in the entire game.
 B = Non-inter-level travel turns spent in this place as a percentage of non-inter-level travel turns spent in the entire game.
 C = Inter-level travel turns spent in this place as a percentage of turns spent in this place.
 D = Turns resting spent in this place as a percentage of non-inter-level travel turns spent in this place.
 E = Turns spent auto-exploring this place as a percentage of non-inter-level travel turns spent in this place.
 F = Non-inter-level travel turns spent in this place divided by the number of levels of this place that you've seen.
                   A       B       C       D       E      F
               +-------+-------+-------+-------+-------+----------------------
         Total | 100.0 | 100.0 |   0.3 |   3.9 |   5.8 | 402.5
       Dungeon | 100.0 | 100.0 |   0.3 |   3.9 |   5.8 | 402.5
               +-------+-------+-------+-------+-------+----------------------

Table legend:
 A = Kills in this place as a percentage of kills in entire the game.
 B = Kills by you in this place as a percentage of kills by you in the entire game.
 C = Kills by friends in this place as a percentage of kills by friends in the entire game.
 D = Other kills in this place as a percentage of other kills in the entire game.
 E = Experience gained in this place as a percentage of experience gained in the entire game.
 F = Experience gained in this place divided by the number of levels of this place that you have seen.
                   A       B       C       D       E      F
               +-------+-------+-------+-------+-------+----------------------
         Total | 100.0 | 100.0 |  -nan |  -nan | 100.0 | 152.2
       Dungeon | 100.0 | 100.0 |  -nan |  -nan | 100.0 | 152.2
               +-------+-------+-------+-------+-------+----------------------
